 Dungeon Crawl Stone Soup version 0.29.1-12-g30fa7ad0bf (webtiles) character file.

Game seed: 14809886635277662282

3696 Amplified the Basher (level 9, -4/129 HPs)
             Began as a Minotaur Berserker on Dec 24, 2022.
             Was a Priest of Trog.
             Killed from afar by an acid dragon (12 damage)
             ... with a splash of acid
             ... in a bailey.
             The game lasted 00:10:43 (6816 turns).

Amplified the Basher (Minotaur Berserker)           Turns: 6816, Time: 00:10:43

Health: -4/129     AC: 15    Str: 23    XL:     9   Next: 90%
Magic:  8/8        EV: 17    Int:  4    God:    Trog [***...]
Gold:   544        SH:  5    Dex: 13    Spells: 8/8 levels left

rFire   + . .      SeeInvis +   I - +7 lajatang of Order {silver, rMut}
rCold   + . .      Faith    .   (shield currently unavailable)
rNeg    . . .      Spirit   .   G - +5 ring mail "Cinaotoq" {rF+ SInv}
rPois   .          Reflect  +   (helmet restricted)
rElec   .          Harm     .   d - +1 cloak
rCorr   .          Rampage  .   H - +1 pair of gloves
rMut    +                       (no boots)
Will    ++...                   v - amulet of reflection
Stlth   ..........              n - +4 ring of evasion
HPRegen 1.31/turn               o - ring of protection from cold
MPRegen 0.11/turn

@: berserking, strong-willed, regenerating, very quick
A: horns 2, retaliatory headbutt
a: Renounce Religion, Berserk, Trog's Hand


You were in a bailey.
You worshipped Trog.
Trog was most pleased with you.
You visited 1 branch of the dungeon, and saw 9 of its levels.
You also visited: Bailey.

You collected 544 gold pieces.

Inventory:

Hand Weapons
 a - a +0 mace
 t - a +2 vorpal flail
 A - a +0 broad axe
 I - the +7 lajatang of Order (weapon) {silver, rMut}
   (You took it off a spriggan in a bailey)

   It inflicts extra damage upon those it strikes, and deals substantially
   increased damage to chaotic, mutated and magically transformed beings.
   rMut:      It protects you from mutation.
Missiles
 f - 3 throwing nets
 q - 8 poisoned darts (quivered)
Armour
 d - a +1 cloak (worn)
 z - a +1 buckler
 G - the +5 ring mail "Cinaotoq" (worn) {rF+ SInv}
   (You found it on level 7 of the Dungeon)

   rF:        It protects you from fire.
   SInv:      It lets you see invisible.
 H - a +1 pair of gloves (worn)
Jewellery
 n - a +4 ring of evasion (left hand)
 o - a ring of protection from cold (right hand)
 v - an amulet of reflection (around neck)
 x - a ring of resist corrosion
 y - a ring of positive energy
Wands
 w - a wand of flame (39)
Scrolls
 b - 2 scrolls of enchant armour
 c - a scroll of vulnerability
 j - 5 scrolls of poison
 l - a scroll of identify
 s - 3 scrolls of immolation
 C - a scroll of magic mapping
Potions
 e - 3 potions of lignification
 g - 4 potions of mutation
 h - 4 potions of magic
 i - a potion of ambrosia
 m - 2 potions of attraction
 p - 4 potions of curing
 r - 3 potions of invisibility {unknown}
 u - a potion of degeneration {unknown}
 B - a potion of brilliance {unknown}
 D - 2 potions of heal wounds {unknown}


   Skills:
 + Level 10.4 Fighting
 - Level 10.6 Maces & Flails
 * Level 0.0(6.6) Staves
 - Level 6.2 Armour
 - Level 5.6 Dodging
 - Level 5.1 Shields


You had 8 spell levels left.
You didn't know any spells.
Your spell library was empty.

Dungeon Overview and Level Annotations

Branches:
Dungeon (9/15)             Temple (0/1) D:7            Lair (0/5) D:8
 Bailey (1/1)
    Orc: D:9-12

Altars:
Hepliaklqana
Okawaru
Ru
Uskayaw
Vehumet
Yredelemnul

Shops:
D:3 :   D:7 :*


Innate Abilities, Weirdness & Mutations

You have a pair of horns on your head.
You reflexively headbutt those who attack you in melee.


Message History

The two-headed ogre barely misses you.
The two-headed ogre hits you with a +0 halberd!
You block the spriggan's attack.
You slash the two-headed ogre!
The two-headed ogre is lightly wounded.
The acid dragon spits acid at you.
The splash of acid reflects off an invisible shield around you!
The splash of acid hits the two-headed ogre.
The acid corrodes the two-headed ogre!
You block the spriggan's attack.
Unknown command.
The two-headed ogre hits you from afar with a +0 halberd!!
The two-headed ogre hits you from afar with a +0 halberd!
Blink to where?
Press: ? - help, Dir - move target
As you read the scroll of blinking, it crumbles to dust.
Okay, then.
You enter the shallow water.
Moving in this stuff is going to be slow.
You recover from your berserk rage.
You block the spriggan's attack.
Okay, then.
Okay, then.
Okay, then.
As you read the scroll of teleportation, it crumbles to dust.
You feel strangely unstable.
The spriggan splashes around in the water.
Your surroundings suddenly seem different.
The two-headed ogre hits you from afar with a +0 halberd!!
* * * LOW HITPOINT WARNING * * *
The two-headed ogre hits you from afar with a +0 halberd!!
* * * LOW HITPOINT WARNING * * *
The acid dragon closely misses you. x2
The spriggan hits you but does no damage.
You hear a shout!
Okay, then.
A red film seems to cover your vision as you go berserk!
You feel yourself moving faster!
You feel mighty! The acid dragon spits acid at you.
The splash of acid hits you!
You die...

#########
##.......##
##.........##
#....~~i....##
#..####D♣#♣#..##
#...@.O.♣#..##
#..♣♣♣♣♣..##..#
#.. ♣♣†.♣..# #.
#..#..# ♣
♣..#..# ♣§i♣..#
♣♣D.♣..#
♣O.♣#..#
.##.......##..##


You could see a two-headed ogre, an acid dragon (catching breath) and a
spriggan.

Vanquished Creatures
  Maurice (D:8)
  A spriggan (Bailey)
  Sigmund (D:6)
  An acid dragon (D:9)
  2 water moccasins
  3 orc warriors (D:8)
  A black bear (D:8)
  An ice beast (D:5)
  2 sky beasts (D:7)
  2 ogres
  2 centaurs
  A phantom (D:6)
  A bullfrog (D:8)
  6 scorpions
  A necrophage (D:5)
  3 howler monkeys
  2 jellies
  3 orc priests
  5 hounds
  3 gnoll boudas
  An iguana (D:5)
  11 orc wizards
  21 gnolls
  12 adders
  A shadow imp (D:7)
  An ufetubus (D:5)
  3 worms (D:2)
  2 dart slugs (D:1)
  36 orcs
  9 endoplasms
  3 giant cockroaches
  12 goblins
  3 hobgoblins
  8 kobolds
  4 quokkas
  6 ball pythons
  4 bats
  A frilled lizard (D:3)
  6 rats
186 creatures vanquished.

Vanquished Creatures (others)
  10 fungi (D:8)
  7 plants (D:8)
17 creatures vanquished.

Grand Total: 203 creatures vanquished

Notes
Turn   | Place    | Note
-------+----------+-------------------------------------------
     0 | D:1      | Amplified the Minotaur Berserker began the quest for the
                  | Orb.
     0 | D:1      | Reached XP level 1. HP: 19/19 MP: 0/0
   217 | D:1      | Reached XP level 2. HP: 27/27 MP: 1/1
   409 | D:1      | Reached XP level 3. HP: 25/33 MP: 2/2
   565 | D:1      | Found a faded altar of an unknown god.
   767 | D:2      | Reached ** piety under Trog
  1013 | D:2      | Reached XP level 4. HP: 41/41 MP: 3/3
  1672 | D:3      | Reached skill level 5 in Maces & Flails
  1676 | D:3      | Reached XP level 5. HP: 47/47 MP: 4/4
  1677 | D:3      | Reached skill level 5 in Fighting
  1984 | D:3      | Found Hefuc's Book Shop.
  2633 | D:4      | Reached XP level 6. HP: 56/56 MP: 5/5
  2856 | D:5      | Entered Level 5 of the Dungeon
  2937 | D:5      | Noticed a water moccasin
  2947 | D:5      | Killed a water moccasin
  3212 | D:5      | Found a hazy altar of Hepliaklqana.
  3226 | D:5      | Reached skill level 1 in Shields
  3226 | D:5      | Reached XP level 7. HP: 63/63 MP: 6/6
  3633 | D:6      | Reached *** piety under Trog
  3763 | D:6      | Reached XP level 8. HP: 69/73 MP: 7/7
  3850 | D:6      | Found a sacrificial altar of Ru.
  3875 | D:6      | Noticed Sigmund
  3883 | D:6      | Killed Sigmund
  4275 | D:6      | Found an iron altar of Okawaru.
  4496 | D:7      | Reached skill level 5 in Shields
  4679 | D:7      | Found Momak's Gadget Gallery.
  4760 | D:7      | Found a staircase to the Ecumenical Temple.
  4837 | D:7      | Found Ziek Eci's Book Boutique.
  4971 | D:7      | Identified the +5 ring mail "Cinaotoq" {rF+ SInv}
  5392 | D:8      | Found a hide-covered altar of Uskayaw.
  5423 | D:8      | Noticed Maurice
  5468 | D:8      | Reached XP level 9. HP: 58/82 MP: 8/8
  5592 | D:8      | Reached skill level 5 in Armour
  5848 | D:8      | Reached skill level 5 in Dodging
  6084 | D:8      | Killed Maurice
  6085 | D:8      | Reached skill level 10 in Maces & Flails
  6325 | D:8      | Found a staircase to the Lair.
  6331 | D:8      | Reached skill level 10 in Fighting
  6383 | D:8      | Found a basalt altar of Yredelemnul.
  6404 | D:8      | Found a radiant altar of Vehumet.
  6664 | D:9      | Found a flagged portal.
  6713 | Bailey   | Entered a bailey
  6798 | Bailey   | Noticed a two-headed ogre
  6815 | Bailey   | HP: 4/86 [two-headed ogre/+0 halberd (20)]
  6816 | Bailey   | Killed from afar by an acid dragon

Illustrated notes

Levels and vault maps discovered:
D:1:      dpeg_arrival_more_subterranean_lakeside_camping, layout_rooms,
          shapermc_ecumenical_altar_mp_highgroup
D:2:      layout_rooms, grunt_decor_mini_mirrors, grunt_ministairs_8,
          hangedman_glass_teeth
D:3:      layout_basic, serial_shops, shop
D:4:      layout_basic, minivault_25, minmay_between
D:5:      layout_cave_pools, nzn_hepliaklqana_mist_gate, serial_park,
          serial_park_gazebo [serial_park_minivault_5x5_3],
          serial_park_tiny_pond, serial_park_tiny_1, serial_park_tiny_2,
          serial_park_tiny_pond, amethyst_killhole
D:6:      layout_loops_ring, okawaru_gym_becter, mainiacjoe_overflow_alcove_2,
          uniq_sigmund
D:7:      layout_loops_ring, minmay_temple_entry_mini_moons, serial_shops,
          nicolae_diamond_shop, nicolae_shop_gadgets
D:8:      layout_cave_pools, mainiacjoe_overflow_alcove_4,
          general_overflow_altar, nicolae_uskayaw_dance_hall,
          grunt_lair_entry_orc_guard_hut, uniq_maurice
D:9:      layout_rooms, mainiacjoe_overflow_24_doors, enter_bailey_4
Bailey:   bailey_polearm_enchanted_keep_hellmonk, bailey

Skill      XL: |  1  2  3  4  5  6  7  8  9 |
---------------+----------------------------+-----
Maces & Flails | 4 5 6 7 9 10 | 10.6
Fighting       | 4 5 6 7 8 10 | 10.4
Armour         | 3 4 6 |  6.2
Dodging        | 3 4 5 |  5.6
Shields        | 1 3 5 |  5.1

Action                   |  1- 3 |  4- 6 |  7- 9 || total
-------------------------+-------+-------+-------++-------
Melee: Mace              |    74 |    40 |       ||   114
       Headbutt          |    11 |    16 |    30 ||    57
       Flail             |       |    67 |   222 ||   289
       Lajatang          |       |       |     1 ||     1
Throw: Dart              |       |     2 |     6 ||     8
Invok: Berserk           |     3 |     5 |    12 ||    20
       Trog's Hand       |     1 |     1 |     5 ||     7
  Use: Scroll            |     1 |     7 |    10 ||    18
       Potion            |       |       |     4 ||     4
 Stab: Sleeping          |     1 |       |       ||     1
Armor: Animal skin       |     4 |       |       ||     4
       Ring mail         |     9 |    25 |    58 ||    92
Dodge: Dodged            |    53 |    62 |   178 ||   293
Block: Buckler           |       |       |    65 ||    65
       Other             |       |       |     5 ||     5
       Reflection        |       |       |     1 ||     1
